 Dungeon Crawl Stone Soup version 0.30.0-18-gc0e69614cb (webtiles) character file.

Game seed: 2401143378187892577

101 monsoonserge the Sneak (level 4, -3/21 HPs)
             Began as a Vine Stalker Enchanter on May 25, 2023.
             Killed from afar by an orc wizard (10 damage)
             ... with a magic dart
             ... on level 3 of the Dungeon.
             The game lasted 00:08:23 (2232 turns).

monsoonserge the Sneak (Vine Stalker Enchanter)     Turns: 2232, Time: 00:08:24

Health: -3/21      AC:  5    Str: 10    XL:     4   Next: 75%
Magic:  0/8        EV: 12    Int: 15    God:
Gold:   201        SH:  0    Dex: 21    Spells: 2/7 levels left

rFire   + . .        a - +11 dagger "Itiak" {freeze, Fly rF+ Will- Dex+4}
rCold   . . .        (no shield)
rNeg    . . .        s - +0 leather armour
rPois   .            f - +0 helmet
rElec   .            (no cloak)
rCorr   .            (no gloves)
SInv    .            d - +0 pair of boots
Will    .....        (no amulet)
Stlth   +++          (no ring)
HPRegen 1.03/turn    (no ring)
MPRegen 0.11/turn

%: guardian spirit
@: flying, very slightly contaminated, invisible
A: fangs 2, regeneration 1, magic shield, antimagic bite, no potion heal 2
a: no special abilities


You were on level 3 of the Dungeon.
You visited 1 branch of the dungeon, and saw 4 of its levels.

You collected 201 gold pieces.

Inventory:

Hand Weapons
 a - the +11 dagger "Itiak" (weapon) {freeze, Fly rF+ Will- Dex+4}
   (You found it on level 2 of the Dungeon)

   Dex:       It affects your dexterity (+4).
   rF:        It protects you from fire.
   Fly:       It grants you flight.
   Will:      It decreases your willpower.
 b - the +6 sling of Coynnaleo {speed, Str+4}
   (You found it on level 2 of the Dungeon)

   Str:       It affects your strength (+4).
Armour
 d - a +0 pair of boots (worn)
 f - a +0 helmet (worn)
 s - a +0 leather armour (worn)
Magical Staves
 m - a staff of fire
Wands
 t - a wand of polymorph (11)
Scrolls
 e - 2 scrolls of teleportation {unknown}
 h - 2 scrolls of enchant weapon {unknown}
 i - 4 scrolls of identify {unknown}
 j - a scroll of amnesia {unknown}
 k - a scroll of enchant armour {unknown}
Potions
 c - 2 potions of invisibility
 g - 2 potions of curing {unknown}
 l - a potion of degeneration {unknown}
 n - a potion of attraction {unknown}
 o - a potion of flight {unknown}
 p - a potion of brilliance {unknown}
 q - a potion of mutation {unknown}
 r - a potion of cancellation {unknown}


   Skills:
 + Level 0.8 Fighting
 + Level 1.0 Short Blades
 + Level 1.7 Ranged Weapons
 * Level 0.4 Armour
 + Level 1.6 Dodging
 + Level 4.5 Stealth
 + Level 2.4 Spellcasting
 + Level 3.4 Hexes
 - Level 1.0 Ice Magic


You had 2 spell levels left.
You knew the following spells:

 Your Spells              Type           Power      Damage    Failure   Level
a - Ensorcelled Hibernat  Hex/Ice        16%        N/A       17%         2
b - Confusing Touch       Hex            12%        N/A       21%         3

Your spell library contained the following spells:

 Spells                   Type           Power      Damage    Failure   Level
 Tukima's Dance           Hex            12%        N/A       21%         3
 Dazzling Flash           Conj/Hex       14%        N/A       38%         3


Dungeon Overview and Level Annotations

Branches:
Dungeon (4/15)
 Temple: D:4-7

Altars:


Innate Abilities, Weirdness & Mutations

You have extremely sharp teeth.
Your natural rate of healing is unusually fast.
When hurt, damage is shared between your health and your magic reserves.
Your bite disrupts and absorbs the magic of your enemies.
Potions cannot restore your health.


Message History

Confirm with . or Enter, or press ? or * to list all spells.
Aiming: Ensorcelled Hibernation (safe; 17% risk of failure)
Press: ? - help, Shift-Dir - straight line, f/p - orc
Aim: an orc, wielding a +1 flail of protection (chance to affect: 59%)
You miscast Ensorcelled Hibernation.
Nothing appears to happen.
The orc hits you but does no damage.
An orc comes into view. It is wielding a +0 dagger.
Something hits you.
You hit the orc. You freeze the orc.
The orc is heavily wounded.
The orc barely misses you. Something barely misses you.
You closely miss the orc. You bite the orc, but do no damage.
The orc is heavily wounded.
The orc hits you but does no damage. Something hits you but does no damage.
You closely miss the orc.
The orc is heavily wounded.
The orc hits you with a +1 flail of protection!
Something hits you.
You hit the orc. You freeze the orc.
You kill the orc!
You hear some strange, mumbled words.
A magic dart appears from out of thin air!
The magic dart hits you!
* * * LOW HITPOINT WARNING * * *
You fade into invisibility!
Something hits you.
* * * LOW HITPOINT WARNING * * *
There is an open door here.
There is a stone staircase leading up here.
Something hits you but does no damage.
You fly upwards.
Reactivating autopickup.
There is a stone staircase leading down here.
Deactivating autopickup; reactivate with Ctrl-A.
You hit something. You freeze something. Your bite misses something.
Something hits you.
* * * LOW HITPOINT WARNING * * *
A magic dart appears from out of thin air!
The magic dart hits you!
You die...

###########...###########.#####.#
.........##...# #.....#..
.#######.##...# #######.### .#
#......# #......<... .# ###....#
#.######### .# #....# #####
#.......... .# #....# #...#
#..######## .#
######...)###...###..#....... .#
#...........@>{.........).... .#
#.##############.##..###..### .#
#............................ .#
###################.....##..## .#
#............................. .#
#.##...####################.## .#
#.##...##.......#............. .#
#..'...)#....##.#.#########... .#
####....#..<.##+#.### #.....


There were no monsters in sight!

Vanquished Creatures
  5 adders
  2 dart slugs
  An orc (D:4)
  2 ball pythons (D:2)
  10 endoplasms
  4 giant cockroaches
  3 goblins (D:1)
  4 hobgoblins
  2 jackals (D:3)
  5 kobolds
  3 bats (D:1)
  2 frilled lizards (D:1)
  2 rats
45 creatures vanquished.

Notes
Turn   | Place    | Note
-------+----------+-------------------------------------------
     0 | D:1      | monsoonserge the Vine Stalker Enchanter began the quest for
                  | the Orb.
     0 | D:1      | Reached XP level 1. HP: 9/9 MP: 4/4
   158 | D:1      | Reached XP level 2. HP: 13/13 MP: 6/6
   162 | D:1      | Learned a level 2 spell: Ensorcelled Hibernation
   480 | D:1      | Reached skill level 4 in Stealth
   951 | D:2      | Identified the +6 sling of Coynnaleo {speed, Str+4}
   962 | D:2      | Reached skill level 1 in Ice Magic
   962 | D:2      | Reached XP level 3. HP: 16/16 MP: 7/7
  1139 | D:2      | Found a faded altar of an unknown god.
  1387 | D:2      | Identified the +11 dagger "Itiak" {freeze, Fly rF+ Will-
                  | Dex+4}
  1497 | D:3      | Learned a level 3 spell: Confusing Touch
  1566 | D:3      | Reached skill level 1 in Ranged Weapons
  1566 | D:3      | Gained mutation: Your natural rate of healing is unusually
                  | fast. [Vine Stalker growth]
  1566 | D:3      | Reached XP level 4. HP: 21/21 MP: 8/8
  2019 | D:3      | Reached skill level 1 in Short Blades
  2232 | D:3      | Killed from afar by an orc wizard

Illustrated notes

Levels and vault maps discovered:
D:1:      elethiomel_arrival_maze, layout_basic, minmay_misc_feat_tiny,
          minmay_tiny_reverse_x
D:2:      layout_rooms, hellmonk_ecumenical_altar_leap_of_faith
D:3:      layout_basic
D:4:      layout_basic, tso_metal_star, ebering_ghost_disaster_area

Skill      XL: |  1  2  3  4 |
---------------+-------------+-----
Stealth        | 4 |  4.5
Ice Magic      | 1 |  1.0
Ranged Weapons | 1 |  1.7
Short Blades   | 1 |  1.0
Fighting       | |  0.8
Armour         | |  0.4
Dodging        | |  1.6
Spellcasting   | |  2.4
Hexes          | |  3.4

Action                     |  1- 3 |  4- 6 || total
---------------------------+-------+-------++-------
  Melee: Dagger            |    37 |     8 ||    45
         Bite              |     9 |     1 ||    10
   Fire: Sling             |    31 |    23 ||    54
   Cast: Ensorcelled Hiber |       |     4 ||     4
    Use: Potion            |       |     1 ||     1
   Stab: Sleeping          |     5 |     3 ||     8
 Armour: Robe              |    10 |       ||    10
         Leather armour    |       |     5 ||     5
  Dodge: Dodged            |    33 |     7 ||    40
